 Dungeon Crawl Stone Soup version 0.18.1-48-g4cf74bf (webtiles) character file.

76 Kisielow the Insei (level 4, -2/28 HPs)
             Began as a Merfolk Transmuter on Aug 8, 2016.
             Slain by an orc priest
             ... wielding a +0 flail
              (10 damage)
             ... on level 3 of the Dungeon.
             The game lasted 00:03:59 (2160 turns).

Kisielow the Insei (Merfolk Transmuter)             Turns: 2160, Time: 00:03:59

Health: -2/28      AC:  2    Str: 10    XL:     4   Next: 32%
Magic:  5/7        EV: 21    Int: 13    God:
Gold:   119        SH:  0    Dex: 19    Spells: 2 memorised, 3 levels left

rFire  . . .     SeeInvis .       - Unarmed
rCold  . . .     Gourm    .     (armour currently unavailable)
rNeg   + . .     Faith    .     (shield currently unavailable)
rPois  x         Spirit   .     (helmet currently unavailable)
rElec  .         Dismiss  .     (cloak currently unavailable)
rCorr  .         Reflect  .     (gloves currently unavailable)
SustAt .         Harm     .     (boots currently unavailable)
MR     .....                    i - amulet of rage
Stlth  ++........               (no ring)
                                j - ring of positive energy

@: spider-form, not resistant to hostile enchantments, unstealthy
A: (change form in water), (swift swim), (icy blue scales 0), blurry vision 1,
frail 1
a: End Transformation, Evoke Berserk Rage


You were on level 3 of the Dungeon.
You were not hungry.
You were a venomous arachnid creature.
You visited 1 branch of the dungeon, and saw 3 of its levels.

You collected 119 gold pieces.

Inventory:

Missiles
 a - 28 arrows
Armour
 b - a +1 robe (melded)
Jewellery
 i - an amulet of rage (around neck)
 j - a ring of positive energy (left front leg)
Potions
 g - a potion of haste {unknown}
 k - 2 potions of heal wounds
 l - 2 potions of ambrosia
 p - a potion of lignification {unknown}
Books
 c - a book of Changes

   Spells                             Type                      Level
   a - Beastly Appendage              Transmutation                1
   b - Sticks to Snakes               Transmutation                2
   c - Spider Form                    Transmutation/Poison         3
   d - Ice Form                       Ice/Transmutation            4
   e - Blade Hands                    Transmutation                5
Comestibles
 d - 2 bread rations


   Skills:
 - Level 1.1 Fighting
 - Level 2.6 Dodging
 - Level 4.4 Unarmed Combat
 - Level 2.0 Spellcasting
 + Level 3.5 Transmutations
 * Level 2.1 Poison Magic


You had 3 spell levels left.
You knew the following spells:

 Your Spells              Type           Power        Failure   Level  Hunger
a - Beastly Appendage     Trmt           ##....       21%         1    ##.....
q - Spider Form           Trmt/Pois      #.........   50%         3    ####...


Dungeon Overview and Level Annotations

Branches:
Dungeon (3/15)

Altars:
Dithmenos


Innate Abilities, Weirdness & Mutations

((You revert to your normal form in water.))
((You are very nimble and swift while swimming.))
((You are partially covered in icy blue scales (AC +1).))
Scrolls take you a little longer to read.
You are frail (-10% HP).


Message History

You hit the orc but do no damage.
The orc looks even sicker.
The orc is severely wounded.
The orc misses you.
You hit the orc.
The orc is almost dead.
You kill the orc!
You barely miss the orc priest. The orc priest hits you with a flail.
* * * LOW HITPOINT WARNING * * *
You hit the orc priest but do no damage.
The orc priest is poisoned.
The orc priest misses you.
You hit the orc priest but do no damage.
The orc priest looks even sicker.
The orc priest is lightly wounded.
You hit the orc priest but do no damage.
The orc priest is heavily wounded.
The orc priest misses you.
You barely miss the orc priest.
The orc priest is heavily wounded.
The orc priest hits you with a flail!
You die...

#...?....# ..#.#
#...oo...#
#.#.#########
#...o....#
#.#..........
#........#
#.#.........# #'#
#.#.#<......# #.#
#.#.######### #.#
#...........
#.###########.########
#.....oos.....#
###############


You could see an orc priest and an orc.

Vanquished Creatures
  3 adders (D:2)
  An ooze (D:2)
  A giant gecko (D:2)
  2 orcs
  2 bats (D:1)
  2 giant cockroaches
  5 goblins (D:2)
  3 hobgoblins
  3 jackals (D:2)
  3 quokkas (D:2)
  3 giant newts
  6 kobolds
  7 rats (D:2)
41 creatures vanquished.

Notes
Turn   | Place    | Note
--------------------------------------------------------------
     0 | D:1      | Kisielow the Merfolk Transmuter began the quest for the Orb.
     0 | D:1      | Reached XP level 1. HP: 15/15 MP: 3/3
   228 | D:1      | Reached XP level 2. HP: 15/21 MP: 5/5
   436 | D:2      | Reached skill level 4 in Unarmed Combat
   799 | D:2      | Reached XP level 3. HP: 26/26 MP: 6/6
   804 | D:2      | Learned a level 3 spell: Spider Form
  1411 | D:2      | Reached skill level 1 in Poison Magic
  1605 | D:2      | Gained mutation: You are partially covered in icy blue scales (AC +1). [potion of mutation]
  1605 | D:2      | Gained mutation: Scrolls take you a little longer to read. [potion of mutation]
  1605 | D:2      | Gained mutation: You are frail (-10% HP). [potion of mutation]
  1657 | D:2      | Found a shadowy altar of Dithmenos.
  1846 | D:2      | Reached XP level 4. HP: 26/28 MP: 7/7
  2160 | D:3      | Slain by an orc priest

Skill      XL: |  1  2  3  4 |
---------------+-------------+-----
Unarmed Combat | 4 |  4.4
Transmutations | 3 |  3.5
Poison Magic   | 1 2 |  2.1
Fighting       | |  1.1
Dodging        | |  2.6
Spellcasting   | |  2.0

Action                   |  1- 3 |  4- 6 || total
-------------------------+-------+-------++-------
Melee: Unarmed           |   150 |    32 ||   182
       Punch             |       |     1 ||     1
 Cast: Spider Form       |       |     1 ||     1
  Use: Scroll            |     8 |       ||     8
       Potion            |     3 |       ||     3
 Stab: Sleeping          |     1 |       ||     1
  Eat: Chunk             |     2 |     2 ||     4
Armor: Robe              |    20 |     5 ||    25
Dodge: Dodged            |   113 |    18 ||   131
